 Dungeon Crawl Stone Soup version 0.31-a0-948-gf5be29c462 (webtiles) character file.

Game seed: 17036633499623908145

141 Morbidden the Conjurer (level 5, -4/37 HPs)
             Began as a Demonspawn Conjurer on Oct 21, 2023.
             Slain by a black bear (8 damage)
             ... on level 4 of the Dungeon.
             The game lasted 00:03:25 (3996 turns).

Morbidden the Conjurer (Demonspawn Conjurer)        Turns: 3996, Time: 00:03:25

Health: -4/37      AC: 12    Str:  7    XL:     5   Next: 3%
Magic:  0/9        EV: 11    Int: 22    God:
Gold:   151        SH:  0    Dex: 11    Spells: 6/9 levels left

rFire   . . .        a - +4 dagger (protect)
rCold   . . .        (no shield)
rNeg    . . .        y - +0 leather armour
rPois   .            (no helmet)
rElec   .            (no cloak)
rCorr   .            (no gloves)
SInv    +            (no boots)
Will    .....        (no amulet)
Stlth   ++           d - ring of see invisible
HPRegen 0.26/turn    (no ring)
MPRegen 0.11/turn

%: no passive effects
@: brilliant, under a protective aura
A: thin metallic scales 1, demonic touch 1
a: no special abilities


You were on level 4 of the Dungeon.
You visited 1 branch of the dungeon, and saw 4 of its levels.

You collected 151 gold pieces.

Inventory:

Hand Weapons
 a - a +4 dagger of protection (weapon)
Missiles
 e - 3 curare-tipped darts
 j - 2 poisoned darts
Armour
 y - a +0 leather armour (worn)
Jewellery
 d - a ring of see invisible (left hand)
Wands
 x - a wand of mindburst (16)
Scrolls
 f - a scroll of enchant weapon {unknown}
 i - a scroll of poison {unknown}
 k - 2 scrolls of blinking {unknown}
 l - a scroll of revelation {unknown}
 o - a scroll of enchant armour {unknown}
 r - a scroll of teleportation {unknown}
 s - a scroll of amnesia {unknown}
 t - a scroll of identify {unknown}
 v - a scroll of vulnerability {unknown}
Potions
 b - a potion of magic
 c - a potion of attraction {unknown}
 h - a potion of brilliance
 m - a potion of curing {unknown}
 n - a potion of heal wounds {unknown}
 p - a potion of mutation {unknown}
 q - a potion of invisibility {unknown}
 u - a potion of enlightenment {unknown}
 w - a potion of haste {unknown}


   Skills:
 * Level 1.3 Fighting
 * Level 1.0 Short Blades
 * Level 2.0 Dodging
 + Level 2.1 Stealth
 * Level 2.8 Spellcasting
 * Level 5.1 Conjurations


You had 6 spell levels left.
You knew the following spells:

 Your Spells              Type           Power      Damage    Failure   Level
a - Magic Dart            Conj           100%       1d8       2%          1
b - Searing Ray           Conj           76%        2d7       3%          2

Your spell library contained the following spells:

 Spells                   Type           Power      Damage    Failure   Level
 Slow                     Hex            16%        N/A       19%         1
 Dazzling Flash           Conj/Hex       42%        N/A       21%         3
 Confusing Touch          Hex            4%         N/A       50%         3
 Sigil of Binding         Hex            4%         N/A       50%         3
 Vampiric Draining        Necr           4%         2d6       50%         3
 Fulminant Prism          Conj/Hex       10%        3d9       54%         4
 Iskenderun's Mystic Bla  Conj/Tloc      21%        2d6       54%         4


Dungeon Overview and Level Annotations

Branches:
Dungeon (4/15)
 Temple: D:4-7

Altars:

Shops:
D:2 :


Innate Abilities, Weirdness & Mutations

You are partially covered in thin metallic scales. (AC +2)
Your touch may inflict minor irresistible damage on your foes.


Message History

Unknown command.
Casting: Magic Dart (safe; 1% risk of failure)
Confirm with . or Enter, or press ? or * to list all spells.
Aiming: Searing Ray (safe; 2% risk of failure)
Press: ? - help, Shift-Dir - straight line, f - black bear
Aim: a black bear (severely wounded, berserk, 85% to hit)
The searing ray misses the black bear. (Press . to maintain the ray.)
The black bear bites you.
* * * LOW HITPOINT WARNING * * *
The black bear claws you but does no damage. x2
Unknown command.
Unknown command.
Unknown command.
Unknown command.
Unknown command.
The searing ray hits the black bear!
The black bear is almost dead.
The black bear completely misses you.
The black bear claws you but does no damage. x2
The black bear bites you but does no damage.
The black bear claws you but does no damage. x2
Unknown command.
Unknown command.
Unknown command.
Unknown command.
It was a potion of brilliance.
You feel clever all of a sudden.
You feel less wooden.
Your +0 leather armour unmelds from your body.
The black bear bites you but does no damage.
The black bear claws you.
* * * LOW HITPOINT WARNING * * *
The black bear barely misses you.
Unknown command.
Unknown command.
You hit the black bear.
The black bear is almost dead.
The black bear closely misses you. x2; The black bear completely misses you.
The black bear bites you!
You die...

### ... ### ..# ..# ..
#†# #.# ... #†# #.# ...
#h######### #.# ..#
##@.......# #.# #.##
##.........# #.#
#.###.#######..###.#####
#..#..#######.....#.....
#.#.####<....)...#.####.
#.#.# #.#####.#.#.####.
#.#.# #.# #.#.#.#....
#####.#.####.##
#.#.#.#.###
#.)..#........#
#.#.#.#.#


You could see a black bear (berserk).

Vanquished Creatures
  Jessica (D:3)
  An iguana (D:4)
  A gnoll (D:1)
  2 adders (D:4)
  A dart slug (D:1)
  5 ball pythons
  3 endoplasms
  A giant cockroach (D:1)
  8 goblins
  8 hobgoblins
  7 jackals
  10 bats
  3 frilled lizards
  4 kobolds
  2 rats
57 creatures vanquished.

Notes
Turn   | Place    | Note
-------+----------+-------------------------------------------
     0 | D:1      | Morbidden the Demonspawn Conjurer began the quest for the
                  | Orb.
     0 | D:1      | Reached XP level 1. HP: 13/13 MP: 3/3
   557 | D:1      | Gained mutation: Your touch may inflict minor irresistible
                  | damage on your foes. [demonic ancestry]
   557 | D:1      | Reached XP level 2. HP: 20/20 MP: 0/5
  1145 | D:1      | Learned a level 2 spell: Searing Ray
  1190 | D:1      | Gained mutation: You are partially covered in thin metallic
                  | scales. (AC +2) [demonic ancestry]
  1190 | D:1      | Reached XP level 3. HP: 14/25 MP: 0/6
  1929 | D:2      | Reached skill level 1 in Fighting
  2742 | D:2      | Found Pooraaf's Book Emporium.
  2894 | D:3      | Noticed Jessica
  2905 | D:3      | Killed Jessica
  2906 | D:3      | Reached skill level 5 in Conjurations
  2906 | D:3      | Reached XP level 4. HP: 11/32 MP: 1/7
  3963 | D:4      | Reached skill level 1 in Short Blades
  3966 | D:4      | Noticed a black bear
  3972 | D:4      | Reached XP level 5. HP: 31/37 MP: 1/9
  3996 | D:4      | Slain by a black bear

Illustrated notes

Levels and vault maps discovered:
D:1:      psy_arrival_fountain, layout_basic, serial_co_window_serial,
          co_window_paths_b, co_window_paths_b, co_window_cross_1,
          co_window_paths_b, co_window_paths_b, co_window_2corner,
          co_window_corner_b, co_window_corner_b, co_window_unsneaky_path_b,
          co_window_broadway_b, co_window_broadway_b,
          co_window_of_opportunity_c, co_window_4corner_b, glass_columns_c,
          glass_columns_b, ebering_dispersal_statue_hall
D:2:      layout_loops_ring, serial_shops, shop
D:3:      layout_loops_ring, uniq_jessica
D:4:      layout_loops_ring, kennysheep_donut, minmay_misc_feat_chi

Skill      XL: |  1  2  3  4 |
---------------+-------------+-----
Fighting       | 1 |  1.3
Dodging        | 2 |  2.0
Conjurations   | 5 |  5.1
Stealth        | 2 |  2.1
Short Blades   | 1 |  1.0
Spellcasting   | |  2.8

Action                     |  1- 3 |  4- 6 || total
---------------------------+-------+-------++-------
  Melee: Unarmed           |    34 |       ||    34
         Touch             |     7 |     1 ||     8
         Dagger            |    14 |    28 ||    42
         Punch             |     1 |       ||     1
   Cast: Magic Dart        |    83 |    17 ||   100
         Searing Ray       |     2 |     1 ||     3
    Use: Potion            |     1 |     2 ||     3
 Armour: Robe              |    29 |       ||    29
         Skin              |     2 |    62 ||    64
         Leather armour    |       |     7 ||     7
  Dodge: Dodged            |    45 |    18 ||    63

Table legend: (Time is in decaauts)
 A = Elapsed time spent in this place.
 B = Non-inter-level travel time spent in this place.
 C = Inter-level travel time spent in this place.
 D = Time resting spent in this place.
 E = Time spent auto-exploring this place.
 F = Levels seen in this place.
 G = Mean time per level.
                   A        B        C        D        E       F      G
               +--------+--------+--------+--------+--------+-----+--------+
         Total |   3992 |   3824 |    168 |    195 |   3179 |   4 |  998.0 |
       Dungeon |   3992 |   3824 |    168 |    195 |   3179 |   4 |  998.0 |
               +--------+--------+--------+--------+--------+-----+--------+

Top non-repeatable levels by time:
     D:1: 1907 daAuts
     D:2: 951 daAuts
     D:3: 735 daAuts
     D:4: 398 daAuts
